 Dungeon Crawl Stone Soup version 0.27.1-4-g1640c2035a (webtiles) character file.

Game seed: 662435626985702701

70 Stomo444 the Cudgeller (level 4, -1/24 HPs)
             Began as a Vine Stalker Monk on Nov 9, 2021.
             Slain by an iron imp (11 damage)
             ... summoned by Natasha
             ... on level 2 of the Dungeon.
             The game lasted 00:02:26 (1819 turns).

Stomo444 the Cudgeller (Vine Stalker Monk)          Turns: 1819, Time: 00:02:27

Health: -1/24      AC:  2    Str: 15    XL:     4   Next: 22%
Magic:  0/5        EV: 13    Int: 10    God:
Gold:   67         SH:  0    Dex: 22    Spells: 3/3 levels left

rFire    . . .     SeeInvis .   a - +0 mace
rCold    . . .     Faith    .   (no shield)
rNeg     . . .     Spirit   +   b - +0 robe
rPois    .         Reflect  .   (no helmet)
rElec    .         Harm     .   (no cloak)
rCorr    .         Rampage  .   (no gloves)
Will     .....                  (no boots)
Stlth    +++.......             d - amulet of the acrobat
HPRegen  1.08/turn              h - +6 ring of dexterity
MPRegen  0.09/turn              (no ring)

@: no status effects
A: fangs 2, regeneration 1, magic shield, antimagic bite, no potion heal 2
a: no special abilities


You were on level 2 of the Dungeon.
You visited 1 branch of the dungeon, and saw 2 of its levels.

You collected 67 gold pieces.

Inventory:

Hand Weapons
 a - a +0 mace (weapon)
Armour
 b - a +0 robe (worn)
Jewellery
 d - an amulet of the acrobat (around neck)
 h - a +6 ring of dexterity (left hand)
Scrolls
 c - 4 scrolls of fog {unknown}
 e - a scroll of magic mapping {unknown}
 f - a scroll of teleportation {unknown}
 g - a scroll of silence {unknown}
 i - a scroll of identify {unknown}


   Skills:
 * Level 3.5 Fighting
 * Level 3.5 Maces & Flails
 + Level 2.8 Dodging
 - Level 2.4 Stealth


You had 3 spell levels left.
You didn't know any spells.
Your spell library contained the following spells:

 Spells                   Type           Power      Damage    Failure   Level
 Tukima's Dance           Hex            0%         N/A       75%         3
 Passage of Golubria      Tloc           N/A        N/A       98%         4
 Yara's Violent Unravell  Hex/Tmut       0%         3d3       100%        5


Dungeon Overview and Level Annotations

Branches:
Dungeon (2/15)

Altars:

Annotations:
D:2 Natasha


Innate Abilities, Weirdness & Mutations

You have extremely sharp teeth.
Your natural rate of healing is unusually fast.
When hurt, damage is shared between your health and your magic reserves.
Your bite disrupts and absorbs the magic of your enemies.
Potions cannot restore your health.


Message History

You have reached level 4!
You feel stronger.
You begin to heal more quickly.
You hit the worm but do no damage. You bite the worm. You drain its power.
You feel invigorated.
The worm is lightly wounded.
You thump the worm! You bite the worm. You drain its power.
The worm is severely wounded.
The worm bites you.
You sock the worm!
You kill the worm!
You see here a worm corpse.
You see here the felid corpse of Natasha.
Found 3 gold pieces.
You now have 67 gold pieces (gained 3).
There is a stone staircase leading up here.
Natasha, Servant of Life and Death comes into view.
She is carrying a wand of flame (14).
Natasha hisses angrily.
Natasha is nearby!
Natasha is nearby!
Natasha is nearby!
Natasha is nearby!
Natasha is nearby!
Natasha is nearby!
Natasha zaps a wand.
The puff of flame hits you.
You hit Natasha. You bite Natasha, but do no damage.
Natasha is lightly wounded.
Natasha mumbles some strange words.
You barely miss Natasha. You bite Natasha, but do no damage.
Natasha is lightly wounded.
Natasha barely misses you. The iron imp hits you!
You hit Natasha. You bite Natasha, but do no damage.
Natasha is moderately wounded.
Natasha mumbles some strange words.
The iron imp hits you.
You hit Natasha but do no damage.
Natasha is moderately wounded.
Natasha closely misses you.
Natasha zaps a wand.
The puff of flame hits you. The iron imp hits you!
You die...

....................
....................#
....................#
....................#
................>...#
#######.............#
#.......5.....# #........h....#
#.........@5..############
####.............#..........#
#................#..........#
####................#..........#
..##....########...##..........#
#.##....# #...#.##..........#
#.......# #.###.##..........#
#.....### #......+..........#
#.##..# #.#...##...<......#


You could see an iron imp (summoned), Natasha and a white imp (summoned).

Vanquished Creatures
  Natasha (D:2)
  An adder (D:2)
  A worm (D:2)
  2 bats
  3 endoplasms (D:1)
  A giant cockroach (D:1)
  4 goblins
  5 hobgoblins (D:1)
  2 jackals (D:2)
  A kobold (D:1)
  2 quokkas
  3 ball pythons
  2 frilled lizards
  2 rats (D:1)
30 creatures vanquished.

Notes
Turn   | Place    | Note
-------+----------+-------------------------------------------
     0 | D:1      | Stomo444 the Vine Stalker Monk began the quest for the Orb.
     0 | D:1      | Reached XP level 1. HP: 11/11 MP: 2/2
    71 | D:1      | Found a faded altar of an unknown god.
   327 | D:1      | Reached XP level 2. HP: 16/16 MP: 3/3
   969 | D:1      | Reached XP level 3. HP: 20/20 MP: 4/4
  1705 | D:2      | Noticed Natasha
  1724 | D:2      | Killed Natasha
  1725 | D:2      | Gained mutation: Your natural rate of healing is unusually
                  | fast. [Vine Stalker growth]
  1725 | D:2      | Reached XP level 4. HP: 4/24 MP: 0/5
  1812 | D:2      | Noticed Natasha
  1819 | D:2      | Slain by an iron imp

Illustrated notes

Levels and vault maps discovered:
D:1:      minmay_arrival_loop, layout_loops_cross, basic_ecumenical_altar
D:2:      layout_basic, uniq_natasha

Skill      XL: |  1  2 |
---------------+-------+-----
Fighting       | 3 |  3.5
Maces & Flails | 3 |  3.5
Dodging        | |  2.8
Stealth        | |  2.4

Action                   |  1- 3 |  4- 6 || total
-------------------------+-------+-------++-------
Melee: Mace              |    62 |     7 ||    69
       Bite              |    20 |     5 ||    25
 Stab: Sleeping          |     4 |       ||     4
Armor: Robe              |    11 |       ||    11
Dodge: Dodged            |    60 |     2 ||    62
